 Dungeon Crawl Stone Soup version 0.28-a0-1235-g7c8fac35f0 (webtiles) character file.

Game seed: 1935910943205746587

693 Gargoyl the Skirmisher (level 7, -1/60 HPs)
             Began as a Gnoll Abyssal Knight on Dec 25, 2021.
             Was a Believer of Lugonu.
             Slain by a hobgoblin (4 damage)
             ... on level 4 of the Dungeon.
             The game lasted 00:03:40 (3651 turns).

Gargoyl the Skirmisher (Gnoll Abyssal Knight)       Turns: 3651, Time: 00:03:40

Health: -1/60      AC: 15    Str: 15    XL:     7   Next: 64%
Magic:  11/11      EV: 11    Int:  9    God:    Lugonu [**....]
Gold:   194        SH:  0    Dex: 12    Spells: 11/11 levels left

rFire   . . .      SeeInvis .   b - +2 scythe (venom)
rCold   . . .      Faith    .   (shield currently unavailable)
rNeg    . . .      Spirit   .   r - +0 chain mail
rPois   .          Reflect  .   (no helmet)
rElec   .          Harm     .   m - +2 cloak
rCorr   .          Rampage  .   d - +0 pair of gloves
Will    .....                   h - +0 pair of boots
Stlth   ..........              (no amulet)
HPRegen 0.20/turn               c - +4 ring of evasion
MPRegen 0.12/turn               (no ring)

@: lethally poisoned (-1 -> -17)
A: fangs 1, strong nose, distributed training
a: Renounce Religion, Depart the Abyss, Bend Space


You were on level 4 of the Dungeon.
You worshipped Lugonu.
Lugonu was pleased with you.
You visited 1 branch of the dungeon, and saw 4 of its levels.
You visited the Abyss 1 time.

You collected 194 gold pieces.

Inventory:

Hand Weapons
 a - a +1 hand axe
 b - a +2 scythe of venom (weapon)
Missiles
 p - 6 poisoned darts (quivered)
Armour
 d - a +0 pair of gloves (worn)
 h - a +0 pair of boots (worn)
 m - a +2 cloak (worn)
 r - a +0 chain mail (worn)
Jewellery
 c - a +4 ring of evasion (left hand)
Wands
 n - a wand of acid (10)
Scrolls
 f - 2 scrolls of magic mapping
 j - a scroll of fear {unknown}
 k - a scroll of fog {unknown}
 l - a scroll of identify {unknown}
 o - a scroll of blinking {unknown}
Potions
 e - a potion of berserk rage {unknown}
 i - a potion of degeneration {unknown}
 q - 2 potions of invisibility {unknown}


   Skills:
 + Level 7.1 Fighting
 + Level 2.6 Short Blades
 + Level 2.6 Long Blades
 + Level 5.3 Axes
 + Level 2.6 Maces & Flails
 + Level 2.6 Polearms
 + Level 2.6 Staves
 + Level 2.6 Slings
 + Level 2.6 Bows
 + Level 2.6 Crossbows
 + Level 2.6 Throwing
 + Level 5.3 Armour
 + Level 3.7 Dodging
 + Level 2.6 Stealth
 + Level 2.6 Shields
 + Level 2.6 Unarmed Combat
 + Level 2.6 Spellcasting
 + Level 2.1 Conjurations
 + Level 2.1 Hexes
 + Level 2.1 Summonings
 + Level 2.1 Necromancy
 + Level 2.1 Translocations
 + Level 2.1 Transmutations
 + Level 2.1 Fire Magic
 + Level 2.1 Ice Magic
 + Level 2.1 Air Magic
 + Level 2.1 Earth Magic
 + Level 2.1 Poison Magic
 + Level 5.4 Invocations
 + Level 2.6 Evocations


You had 11 spell levels left.
You didn't know any spells.
Your spell library contained the following spells:

 Spells                   Type           Power      Damage    Failure   Level
 Pain                     Necr           20%        1d5       92%         1
 Tukima's Dance           Hex            5%         N/A       100%        3
 Passage of Golubria      Tloc           5%         N/A       100%        4
 Agony                    Necr           5%         N/A       100%        5
 Excruciating Wounds      Necr           2%         N/A       100%        5
 Yara's Violent Unravell  Hex/Tmut       2%         3d3       100%        5
 Dispersal                Tloc           2%         N/A       100%        6
 Disjunction              Tloc           2%         N/A       100%        8


Dungeon Overview and Level Annotations

Branches:
Dungeon (4/15)
 Temple: D:4-7

Altars:


Innate Abilities, Weirdness & Mutations

You have very sharp teeth.
Your uncanny sense of smell can sniff out nearby items.
Your experience applies equally to all skills.


Message History

The orc barely misses you.
You hit the orc.
The orc is poisoned.
The orc is moderately wounded.
The orc barely misses you. x2
Unknown command.
You slash the orc!
You kill the orc!
Lugonu accepts your kill. The kobold closely misses you.
You barely miss the kobold. The kobold hits you but does no damage.
You are poisoned.
The kobold hits you but does no damage.
You are more poisoned.
Unknown command.
You closely miss the kobold.
You feel extremely sick. The kobold barely misses you.
The kobold hits you with a +2 short sword of venom.
You are more poisoned.
You closely miss the kobold.
You feel extremely sick. The kobold hits you but does no damage.
You are more poisoned.
The kobold hits you but does no damage.
You are lethally poisoned!
Unknown command.
You slash the kobold!
You kill the kobold!
Lugonu accepts your kill.
You feel extremely sick.
The goblin unwields a +0 dagger.
The goblin wields a +0 hunting sling.
The goblin shoots a stone.
The stone hits you but does no damage.
The hobgoblin hits you with a +0 great mace!
* * * LOW HITPOINT WARNING * * *
You closely miss the hobgoblin.
* * * LOW HITPOINT WARNING * * *
You feel extremely sick. The hobgoblin barely misses you.
The hobgoblin hits you with a +0 great mace.
You die...

#### ..... ∆ ...>
......##### #...
.....gg@..# #...
......###.## #..
..... ###..#
###### #.. ....
+....###....# #.#
... ###...##....#
#.# ..
#.#.##....###.# .
...#.......+...#
#####.......###.#
##......# #.#


You could see a hobgoblin and a goblin.

Vanquished Creatures
  Grinder (D:3)
  Sigmund (D:2)
  A scorpion (D:4)
  A howler monkey (D:4)
  Crazy Yiuf (D:3)
  An orc priest (D:3)
  A bullfrog skeleton (D:3)
  4 adders
  4 gnolls (D:3)
  An adder skeleton (D:4)
  A dart slug (D:3)
  12 orcs
  6 bats
  4 endoplasms
  3 giant cockroaches
  6 goblins
  6 hobgoblins
  5 kobolds
  3 quokkas
  8 ball pythons
  5 frilled lizards
75 creatures vanquished.

Notes
Turn   | Place    | Note
-------+----------+-------------------------------------------
     0 | Abyss:1  | Gargoyl the Gnoll Abyssal Knight began the quest for the
                  | Orb.
     0 | Abyss:1  | Reached XP level 1. HP: 23/23 MP: 3/3
   189 | Abyss:1  | Noticed a neqoxec
   189 | Abyss:1  | Noticed a ynoxinul
   190 | Abyss:1  | Noticed an ancient zyme
   193 | D:1      | Escaped the Abyss
   426 | D:1      | Reached * piety under Lugonu
   427 | D:1      | Reached XP level 2. HP: 29/29 MP: 5/5
   524 | D:1      | Found a faded altar of an unknown god.
  1234 | D:2      | Noticed Sigmund
  1245 | D:2      | Killed Sigmund
  1246 | D:2      | Reached skill level 1 in Short Blades
  1246 | D:2      | Reached skill level 1 in Long Blades
  1246 | D:2      | Reached skill level 1 in Maces & Flails
  1246 | D:2      | Reached skill level 1 in Polearms
  1246 | D:2      | Reached skill level 1 in Staves
  1246 | D:2      | Reached skill level 1 in Slings
  1246 | D:2      | Reached skill level 1 in Bows
  1246 | D:2      | Reached skill level 1 in Crossbows
  1246 | D:2      | Reached skill level 1 in Throwing
  1246 | D:2      | Reached skill level 1 in Stealth
  1246 | D:2      | Reached skill level 1 in Shields
  1246 | D:2      | Reached skill level 1 in Unarmed Combat
  1246 | D:2      | Reached skill level 1 in Spellcasting
  1246 | D:2      | Reached skill level 1 in Conjurations
  1246 | D:2      | Reached skill level 1 in Hexes
  1246 | D:2      | Reached skill level 1 in Summonings
  1246 | D:2      | Reached skill level 1 in Necromancy
  1246 | D:2      | Reached skill level 1 in Translocations
  1246 | D:2      | Reached skill level 1 in Transmutations
  1246 | D:2      | Reached skill level 1 in Fire Magic
  1246 | D:2      | Reached skill level 1 in Ice Magic
  1246 | D:2      | Reached skill level 1 in Air Magic
  1246 | D:2      | Reached skill level 1 in Earth Magic
  1246 | D:2      | Reached skill level 1 in Poison Magic
  1246 | D:2      | Reached skill level 1 in Evocations
  1246 | D:2      | Reached XP level 3. HP: 32/35 MP: 6/6
  1246 | D:2      | Reached XP level 4. HP: 37/41 MP: 7/7
  1246 | D:2      | Reached XP level 5. HP: 43/47 MP: 8/8
  1895 | D:3      | Reached skill level 5 in Invocations
  1911 | D:3      | Noticed Grinder
  1913 | D:3      | Reached XP level 6. HP: 53/53 MP: 9/9
  1921 | D:3      | Killed Grinder
  1922 | D:3      | Reached skill level 5 in Axes
  1922 | D:3      | Reached skill level 5 in Armour
  2002 | D:3      | Reached XP level 7. HP: 41/59 MP: 10/10
  2003 | D:3      | Reached ** piety under Lugonu
  2238 | D:3      | Found a runed translucent door.
  2239 | D:3      | Noticed Crazy Yiuf
  2300 | D:3      | Reached skill level 7 in Fighting
  2944 | D:3      | Killed Crazy Yiuf
  3651 | D:4      | HP: 3/60 [poisoned by a kobold]
  3651 | D:4      | Slain by a hobgoblin

Illustrated notes

Levels and vault maps discovered:
D:1:      co_arrival_random_square_maze, layout_loops_ring,
          dreamdust_ecumenical_altar_angels_and_demons
D:2:      layout_basic, chequers_garden, uniq_sigmund
D:3:      layout_loops_ring, nrook_campfire, uniq_crazy_yiuf_cottage,
          uniq_grinder
D:4:      layout_basic

Skill      XL: |  1  2  3  4  5  6  7 |
---------------+----------------------+-----
Short Blades   | 1 2 |  2.6
Long Blades    | 1 2 |  2.6
Maces & Flails | 1 2 |  2.6
Polearms       | 1 2 |  2.6
Staves         | 1 2 |  2.6
Slings         | 1 2 |  2.6
Bows           | 1 2 |  2.6
Crossbows      | 1 2 |  2.6
Throwing       | 1 2 |  2.6
Dodging        | 3 |  3.7
Stealth        | 1 2 |  2.6
Shields        | 1 2 |  2.6
Unarmed Combat | 1 2 |  2.6
Spellcasting   | 1 2 |  2.6
Conjurations   | 1 2 |  2.1
Hexes          | 1 2 |  2.1
Summonings     | 1 2 |  2.1
Necromancy     | 1 2 |  2.1
Translocations | 1 2 |  2.1
Transmutations | 1 2 |  2.1
Fire Magic     | 1 2 |  2.1
Ice Magic      | 1 2 |  2.1
Air Magic      | 1 2 |  2.1
Earth Magic    | 1 2 |  2.1
Poison Magic   | 1 2 |  2.1
Evocations     | 1 2 |  2.6
Invocations    | 5 |  5.4
Axes           | 5 |  5.3
Armour         | 5 |  5.3
Fighting       | 7 |  7.1

Action                   |  1- 3 |  4- 6 |  7- 9 || total
-------------------------+-------+-------+-------++-------
Melee: Hand axe          |    49 |    10 |       ||    59
       Bite              |     5 |     6 |    10 ||    21
       Scythe            |       |    51 |    88 ||   139
Invok: Depart the Abyss  |     1 |       |       ||     1
  Use: Scroll            |     3 |       |       ||     3
 Stab: Sleeping          |       |       |     1 ||     1
Armor: Leather armour    |     5 |       |       ||     5
       Ring mail         |     3 |    25 |    34 ||    62
       Chain mail        |       |       |    19 ||    19
Dodge: Dodged            |    33 |    66 |   100 ||   199

Table legend: (Time is in decaauts)
 A = Elapsed time spent in this place.
 B = Non-inter-level travel time spent in this place.
 C = Inter-level travel time spent in this place.
 D = Time resting spent in this place.
 E = Time spent auto-exploring this place.
 F = Levels seen in this place.
 G = Mean time per level.
                   A        B        C        D        E       F      G
               +--------+--------+--------+--------+--------+-----+--------+
         Total |   3777 |   3553 |    224 |      0 |   2876 |   5 |  755.4 |
       Dungeon |   3584 |   3360 |    224 |      0 |   2690 |   4 |  896.0 |
         Abyss |    193 |    193 |      0 |      0 |    186 |   1 |  193.0 |
               +--------+--------+--------+--------+--------+-----+--------+

Top non-repeatable levels by time:
     D:3: 1456 daAuts
     D:1: 1015 daAuts
     D:2: 583 daAuts
     D:4: 529 daAuts
 Abyss:1: 193 daAuts
